 Dungeon Sprint DCSS version 0.31-a0-986-g5e6e4ef867 (webtiles) character file.

Game seed: 17561536561057896153

17 rocky1 the Changeling (level 2, 0/18 HPs)
             Began as an Octopode Shapeshifter on Nov 17, 2023.
             Slain by a human (7 damage)
             ... in the Dungeon (Sprint III: "The Ten Rune Challenge").
             The game lasted 00:00:54 (85 turns).

rocky1 the Changeling (Octopode Shapeshifter)         Turns: 85, Time: 00:00:55

Health: 0/18       AC:  3    Str: 13    XL:     2   Next: 62%
Magic:  2/2        EV: 13    Int: 12    God:
Gold:   25         SH:  0    Dex: 11    Spells: 1/1 levels left

rFire   . .          .
                       - Unarmed
rCold   . . .        (no shield)
rNeg    . . .        (helmet currently unavailable)
rPois   .            (no amulet)
rElec   .            (no ring)
rCorr   .            (no ring)
SInv    .            (no ring)
Will    .....        (no ring)
Stlth   ++++         (no ring)
HPRegen 0.23/turn    (no ring)
MPRegen 0.08/turn    (no ring)
                     (no ring)

%: no teleportation
@: beast-form
A: beast (slay +2), almost no armour, amphibious, 8 rings, camouflage 1,
gelatinous body 1, nimble swimmer 1, tentacles, tentacle spike 1, iridescent
scales 1, inability to read after injury 1
a: Begin Untransformation


You were in the Dungeon.
You were a hulking beast.
You visited 1 branch You collected 25 gold pieces.

Inventory:

Talismans
 b - a beast talisman
 c - a flux talisman
Scrolls
 i - a scroll of blinking
 k - a scroll of torment {unknown}
 l - 3 scrolls of identify
 n - a scroll of poison {unknown}
Potions
 a - a potion of lignification
 d - a potion of curing
 f - a potion of haste
 g - 2 potions of magic
 h - a potion of berserk rage
 j - a potion of mutation
 m - 4 potions of enlightenment
 o - a potion of attraction {unknown}


   Skills:
 + Level 1.0 Fighting
 + Level 2.2 Dodging
 + Level 1.2 Stealth
 + Level 4.0 Unarmed Combat
 + Level 4.6 Shapeshifting


You had one spell level left.
You didn't know any spells.
Your spell library contained the following spells:

 Spells                   Type           Power      Damage    Failure   Level
 Hailstorm                Conj/Ice       0%         3d3       69%         3
 Summon Ice Beast         Ice/Summ       0%         N/A       97%         4
 Simulacrum               Ice/Necr       0%         N/A       100%        6


Dungeon Overview and Level Annotations

Branches:
Dungeon (1/1)

Altars:


Innate Abilities, Weirdness & Mutations

You are a hulking beast.
Your limbs bulge with bestial killing power. (Slay +2)
You cannot wear most types of armour.
You are amphibious.
You can wear up to eight rings at the same time.
Your skin changes colour to match your surroundings (Stealth+).
Your rubbery body absorbs attacks. (AC +1, EV +1)
You are camouflaged when in or above water. (Stealth+)
You have tentacles for arms and can constrict up to eight enemies at once.
One of your tentacles bears a spike.
You are partially covered in iridescent scales. (AC +2)
You occasionally lose the ability to read scrolls when taking damage.


Message History

Your system partially rejects the healing effects of potions.
Your regeneration stops near monsters.
You feel resistant to poisons.
Unknown command.
You feel extremely strange.
You begin to regenerate regardless of the presence of monsters.
You feel less resistant to poisons.
Your system completely accepts the healing effects of potions.
One of your lower tentacles grows a sharp spike.
You occasionally lose the ability to read scrolls when taking damage.
Iridescent scales grow over part of your body.
There is an open door here.
A human comes into view.
You enter the shallow water.
The human shouts!
The human hits you! The human hits you.
You are too injured to fight recklessly!
You are too injured to fight recklessly!
You feel much better. The human misses you.
You closely miss the human. Your grab misses the human.
Your squeeze misses the human. The human hits you.
You barely miss the human. Your grab misses the human.
You pierce the human.
You squeeze the human!
The human is moderately wounded.
The human barely misses you.
You tentacle-slap the human but do no damage.
Your grab misses the human.
You pierce the human, but do no damage.
Your squeeze misses the human.
The human is moderately wounded.
The human barely misses you.
You tentacle-slap the human. Your grab misses the human.
You pierce the human, but do no damage.
The human is moderately wounded.
The human hits you!
Ouch! That really hurt!
You miss the human. You grab the human. You squeeze the human!
The human is heavily wounded.
You constrict the human, but do no damage.
The human hits you!
You die...

▓▓▓▓▓▓▓▓▓▓▓▓▓
▓<.#..'...♣.♣
▓..#..#.....♣♣
▓#'####......♣
▓.....#....~.♣♣♣♣ #
▓.....#...~~♣♣..♣.#
▓....[#..~~~~.....+
▓####'#..~≈≈~~~♣..#
▓.....#.~~≈h~~....#
▓...†.#.~≈~~p.....#
▓.....#.~~~.......#
▓'#####...........#
▓.................#
▓▓▓▓▓▓▓▓▓▓▓▓▓▓▓▓▓▓▓


You could see a human.

Vanquished Creatures
  A wolf (D)
  An endoplasm (D)
  3 rats (D)
5 creatures vanquished.

Notes
Turn   | Place    | Note
-------+----------+-------------------------------------------
     0 | D        | rocky1 the Octopode Shapeshifter began the quest for the
                  | Orb.
     0 | D        | Reached XP level 1. HP: 13/13 MP: 1/1
    38 | D        | Noticed a wolf
    42 | D        | Killed a wolf
    43 | D        | Reached skill level 1 in Stealth
    43 | D        | Reached XP level 2. HP: 18/18 MP: 2/2
    59 | D        | Gained mutation: Your flesh is cold resistant. (rC+)
                  | [potion of mutation]
    60 | D        | Lost mutation: Your flesh is cold resistant. (rC+) [potion
                  | of mutation]
    60 | D        | Gained mutation: Potions are less effective at restoring
                  | your health. [potion of mutation]
    60 | D        | Gained mutation: You do not regenerate when monsters are
                  | visible. [potion of mutation]
    60 | D        | Gained mutation: Your system is resistant to poisons.
                  | (rPois) [potion of mutation]
    61 | D        | Lost mutation: You do not regenerate when monsters are
                  | visible. [potion of mutation]
    61 | D        | Lost mutation: Your system is resistant to poisons. (rPois)
                  | [potion of mutation]
    61 | D        | Lost mutation: Potions are less effective at restoring your
                  | health. [potion of mutation]
    61 | D        | Gained mutation: One of your tentacles bears a spike.
                  | [potion of mutation]
    61 | D        | Gained mutation: You occasionally lose the ability to read
                  | scrolls when taking damage. [potion of mutation]
    61 | D        | Gained mutation: You are partially covered in iridescent
                  | scales. (AC +2) [potion of mutation]
    85 | D        | Slain by a human

Illustrated notes

Levels and vault maps discovered:
D:        dungeon_sprint_mu [sprint_mu_entry_forest, sprint_mu_temple_rooms,
          sprint_mu_d1_spiders, sprint_mu_d2_genie, sprint_mu_d3_branching,
          sprint_mu_orc_legion, sprint_mu_elf_gauntlet, sprint_mu_hive_nellie,
          sprint_mu_lair_fedhas, sprint_mu_vaults_butterflies,
          sprint_mu_slime_circle, sprint_mu_shoals_archi,
          sprint_mu_snake_twists, sprint_mu_blade_basic, sprint_mu_crypt_lich,
          sprint_mu_tomb_spiral, sprint_mu_vestibule_basic,
          sprint_mu_gehenna_hellfire, sprint_mu_dis_giant,
          sprint_mu_tartarus_statrot, sprint_mu_cocytus_islands, sprint_mu_zot1]

Skill      XL: |  1 |
---------------+----+-----
Stealth        | 1 |  1.2
Unarmed Combat | 4 |  4.0
Shapeshifting  | 4 |  4.6
Fighting       | |  1.0
Dodging        | |  2.2

Action                     || total
---------------------------++-------
  Melee: Unarmed           ||    14
         Tentacles         ||     4
         Constrict         ||     3
         Kick              ||     3
    Use: Potion            ||     4
   Stab: Sleeping          ||     3
 Armour: Skin              ||     5
  Dodge: Dodged            ||     7

Table legend: (Time is in decaauts)
 A = Elapsed time spent in this place.
 B = Non-inter-level travel time spent in this place.
 C = Inter-level travel time spent in this place.
 D = Time resting spent in this place.
 E = Time spent auto-exploring this place.
 F = Levels seen in this place.
 G = Mean time per level.
                   A        B        C        D        E       F      G
               +--------+--------+--------+--------+--------+-----+--------+
         Total |     84 |     84 |      0 |      0 |      0 |   1 |   84.0 |
       Dungeon |     84 |     84 |      0 |      0 |      0 |   1 |   84.0 |
               +--------+--------+--------+--------+--------+-----+--------+

Top non-repeatable levels by time:
       D: 84 daAuts
